Map: 暮色之塔

Players

shengy - Winner!

  • Race: Zerg Zerg
  • League: Platinum

StrongBelwas

  • Race: Terran Terran
  • League: Diamond

VOD

Have the link to the VOD?

Description

Time

  • Played on: Dec. 30, 2015, 8:12 p.m.
  • Length: 4:30
Show
View Real Time Build Order
Export as new Build Order

shengy Zerg - Winner!

Build Orders: Pool First, Zergling Baneling 

Get SALT Encoding   

  12  0:01  Drone  
  13  0:09  Drone  
  14  0:17  Overlord  
  14  0:25  Extractor  
  14  0:26  Drone  
  15  0:36  Drone x2  
  17  0:47  Spawning Pool  
  17  0:49  Extractor  
  15  0:50  Drone  
  15  0:56  Drone  
  17  1:05  Drone  
  18  1:21  Hatchery  
  17  1:26  Drone  
  17  1:29  Drone  
  19  1:41  Queen  
  21  1:49  Overlord  
  21  1:56  Metabolic Boost  
  21  2:01  Zergling x2  
  22  2:13  Baneling Nest  
  21  2:22  Queen  
  23  2:28  Zergling x6  
  26  2:40  Overlord  
  26  2:56  Zergling x2  
  26  2:57  Zergling x10  
  32  3:22  Zergling x10  
  37  3:32  Baneling x8  
  37  3:35  Baneling  
  37  3:40  Zergling x6  
  40  3:46  Overlord  
  40  3:57  Overlord  
  40  3:58  Zergling x2  
Show
View Real Time Build Order
Export as new Build Order

StrongBelwas Terran 

Build Orders: Reaper Expand 

Get SALT Encoding   

  12  0:02  SCV  
  13  0:15  SCV  
  13  0:20  Supply Depot  
  14  0:27  SCV  
  15  0:42  SCV, Barracks  
  16  0:46  Refinery  
  16  0:54  SCV  
  17  1:06  SCV  
  18  1:18  SCV  
  19  1:30  Orbital Command  
  19  1:34  Reaper  
  20  1:45  Command Center  
  20  1:53  Supply Depot  
  20  1:56  SCV  
  21  2:06  Barracks Reactor  
  21  2:11  SCV  
  22  2:24  SCV  
  22  2:28  Factory  
  23  2:36  SCV  
  24  2:46  Command Center  
  24  2:48  SCV, Marine x2  
  27  2:58  Bunker  
  28  3:02  Orbital Command  
  28  3:04  SCV  
  28  3:16  SCV  
  28  3:18  Starport  
  29  3:20  Barracks Tech Lab  
  29  3:25  Refinery  
  29  3:28  Hellion, SCV  
  29  3:30  SCV  
  33  3:36  Hellion  
  33  3:40  SCV  
  36  3:43  SCV  
  38  3:52  Supply Depot, SCV  
  38  4:05  Hellion x2  
  41  4:15  SCV  
  41  4:16  SCV x2  
Tags
 
Add a new tag
Caveats
  • Supply blocks, unpowered buildings, or Contaminate may cause inaccurate times.
  • Supply counts are checked every 10 seconds.